 Dungeon Crawl Stone Soup version 0.27-a0-1308-gc08437e49b (webtiles) character file.

Game seed: 10400047587064196671

1224 mordus the Cleaver (level 8, -5/59 (63) HPs)
             Began as a Green Draconian Monk on June 18, 2021.
             Slain by a wight (7 damage)
             ... on level 6 of the Dungeon.
             The game lasted 00:10:25 (6386 turns).

mordus the Cleaver (Green Draconian Monk)           Turns: 6386, Time: 00:10:26

HP:   -5/59 (63)    AC:  7    Str: 15    XL:     8   Next: 23%
MP:   8/8           EV: 14    Int: 10    God:
Gold: 247           SH:  0    Dex: 15    Spells: 7/7 levels left

rFire    . . .     SeeInvis .   n - +0 war axe
rCold    . . .     Faith    .   (no shield)
rNeg     . . .     Spirit   .   (armour unavailable)
rPois    +         Reflect  .   (helmet restricted)
rElec    .         Harm     .   t - +0 cloak
rCorr    .         Rampage  .   (no gloves)
Will     .....                  (no boots)
Stlth    ++........             (no amulet)
HPRegen  0.19/turn              (no ring)
MPRegen  0.11/turn              (no ring)

@: drained
A: breathe noxious fumes, AC +6, unfitting armour, poison resistance,
cold-blooded
a: Breathe Noxious Fumes


You were on level 6 of the Dungeon.
You visited 1 branch of the dungeon, and saw 6 of its levels.

You collected 247 gold pieces.

Inventory:

Hand Weapons
 a - a +0 hand axe
 n - a +0 war axe (weapon)
Missiles
 m - 8 curare-tipped darts (quivered)
Armour
 t - a +0 cloak (worn)
Jewellery
 g - a ring of protection from fire
Wands
 b - a wand of mindburst (15)
 h - a wand of iceblast (7)
Scrolls
 d - 5 scrolls of identify {unknown}
 e - 3 scrolls of blinking {unknown}
 q - a scroll of fog {unknown}
 r - a scroll of amnesia {unknown}
Potions
 c - 4 potions of haste {unknown}
 f - 2 potions of lignification {unknown}
 i - a potion of berserk rage {unknown}
 j - a potion of mutation {unknown}
 k - a potion of heal wounds {unknown}
 l - a potion of curing {unknown}
 o - a potion of ambrosia {unknown}
 p - a potion of resistance {unknown}
 s - 2 potions of might {unknown}


   Skills:
 - Level 3.2 Fighting
 * Level 8.7 Axes
 + Level 5.8 Dodging
 - Level 1.7 Stealth


You had 7 spell levels left.
You didn't know any spells.
Your spell library was empty.

Dungeon Overview and Level Annotations

Branches:
Dungeon (6/15)
 Temple: D:4-7

Altars:
Makhleb
Okawaru

Shops:
D:2 *


Innate Abilities, Weirdness & Mutations

You can breathe blasts of noxious fumes.
Your lurid green scales are hard. (AC +6)
You cannot fit into any form of body armour.
Your system is resistant to poisons. (rPois)
You are cold-blooded and may be slowed by cold attacks.


Message History

2 wights come into view.
A wight is wielding a +2 great sword of freezing.
Found a stone staircase leading down.
Things that are here:
a +0 hand axe; a +0 robe A wight comes into view.
It is wielding a +0 battleaxe.
Press: ? - help, Shift-Dir - straight line, f - wight
Aim: a wight, wielding a +0 battleaxe and wearing a +0 robe (dormant)
You exhale a blast of noxious fumes.
The blast of choking fumes hits the wight.
The wight completely resists.
The blast of choking fumes hits the wight.
The wight completely resists.
The blast of choking fumes hits the wight but does no damage.
You slash the wight!
Your tail-slap misses the wight.
The wight is heavily damaged.
You barely miss the wight.
You tail-slap the wight, but do no damage.
The wight is heavily damaged.
The wight hits you with a +5 flail.
You barely miss the wight.
The wight is heavily damaged.
You closely miss the wight. You hit the wight. The wight closely misses you.
The wight hits you with a +5 flail!
The wight hits you with a +2 great sword of freezing!
You feel drained.
You feel yourself slow down. The wight freezes you.
* * * LOW HITPOINT WARNING * * *
You barely miss the wight. You hit the wight.
You destroy the wight!
You feel yourself speed up. The wight barely misses you.
Things that are here:
a +0 hand axe; a +0 robe
Found 6 gold pieces.
You have got your breath back.
You hear the rusting of a very distant drain.
The wight hits you with a +2 great sword of freezing!
* * * LOW HITPOINT WARNING * * *
You feel drained.
You die...

#...#####
#.....#
#...#.#
#...#.#
#####.####
#z...# #....#
########z...#
#......@....#
#.###.......#
#.# #.......#
#.# #.....###
#.# #.......
#######.#
#########
#.......#
#.#######
####.#


You could see 2 wights.

Vanquished Creatures
  An ice beast (D:6)
  A necrophage (D:5)
  An ogre (D:5)
  A centaur (D:4)
  3 phantoms
  2 scorpions (D:5)
  2 wights (D:6)
  5 hounds
  An orc priest (D:5)
  A bullfrog skeleton (D:3)
  A centaur skeleton (D:6)
  An iguana (D:5)
  A hound skeleton (D:4)
  A howler monkey skeleton (D:5)
  7 adders
  A white imp (D:5)
  2 ufetubi
  An adder skeleton (D:4)
  A worm (D:2)
  11 dart slugs
  6 orcs
  7 ball pythons
  6 endoplasms
  2 giant cockroaches (D:2)
  8 goblins
  6 hobgoblins
  4 jackals (D:3)
  5 kobolds
  A quokka (D:4)
  5 bats
  3 frilled lizards
  4 rats
102 creatures vanquished.

Notes
Turn   | Place    | Note
-------+----------+-------------------------------------------
     0 | D:1      | mordus the Draconian Monk began the quest for the Orb.
     0 | D:1      | Reached XP level 1. HP: 19/19 MP: 1/1
   278 | D:1      | Reached XP level 2. HP: 26/26 MP: 2/2
  1054 | D:2      | Reached XP level 3. HP: 11/31 MP: 3/3
  1059 | D:2      | Found Ahenk's Assorted Antiques.
  1271 | D:2      | Reached skill level 4 in Axes
  1334 | D:2      | Reached XP level 4. HP: 32/38 MP: 4/4
  1784 | D:2      | Found an iron altar of Okawaru.
  2353 | D:3      | Found a faded altar of an unknown god.
  2450 | D:3      | Reached skill level 5 in Axes
  2453 | D:3      | Reached XP level 5. HP: 44/45 MP: 5/5
  3434 | D:4      | Noticed a centaur
  3443 | D:4      | Killed a centaur
  3444 | D:4      | Reached skill level 6 in Axes
  3444 | D:4      | Reached XP level 6. HP: 20/51 MP: 6/6
  3929 | D:4      | Identified the +5 dagger of Hulu {drain, +Rage rPois rF++
                  | Will-}
  4158 | D:4      | Found a burning altar of Makhleb.
  4158 | D:4      | Noticed a blizzard demon
  4201 | D:5      | Entered Level 5 of the Dungeon
  4202 | D:5      | Noticed an ice beast
  5017 | D:5      | Your scales start taking on a lurid green colour.
  5017 | D:5      | Reached XP level 7. HP: 25/57 MP: 7/7
  5017 | D:5      | Gained mutation: Your system is resistant to poisons.
                  | (rPois) [Green Draconian growth]
  5376 | D:5      | Reached skill level 7 in Axes
  5395 | D:5      | Reached skill level 5 in Dodging
  5772 | D:5      | Reached skill level 8 in Axes
  5971 | D:5      | Reached XP level 8. HP: 63/63 MP: 8/8
  6386 | D:6      | HP: 2/62 [wight (17)]
  6386 | D:6      | Slain by a wight

Illustrated notes

Levels and vault maps discovered:
D:1:      onia_arrival_mini_spirals, layout_basic
D:2:      layout_basic, basic_altar, serial_shops, nicolae_shop_trees
D:3:      layout_loops_ring, hellmonk_ecumenical_altar_crossroads,
          grunt_ministairs_2, st_stairs_5
D:4:      layout_loops_cross, makhleb_altar_promises_db, minmay_quantized
D:5:      kennysheep_slugbush, layout_basic, eino_small_chamber_without_monster
D:6:      cheibrodos_two_vegetables, layout_basic,
          lemuel_zombie_altar_kikubaaqudgha, grunt_gozag_statues,
          minmay_temple_entry_glass, gup_sewer_entry_spiral

Skill      XL: |  1  2  3  4  5  6  7 |
---------------+----------------------+-----
Dodging        | 3 4 5 |  5.8
Axes           | 4 5 6 8 |  8.7
Fighting       | |  3.2
Stealth        | |  1.7

Action                   |  1- 3 |  4- 6 |  7- 9 || total
-------------------------+-------+-------+-------++-------
Melee: Hand axe          |    60 |   193 |       ||   253
       Tailslap          |     7 |    32 |    16 ||    55
       War axe           |       |    61 |    99 ||   160
Throw: Dart              |       |       |     1 ||     1
 Abil: Breathe Noxious F |       |       |     8 ||     8
  Use: Potion            |       |     1 |       ||     1
 Stab: Sleeping          |     3 |     3 |     1 ||     7
Armor: Skin              |    11 |    89 |    18 ||   118
Dodge: Dodged            |    36 |   211 |    53 ||   300

Table legend: (Time is in decaauts)
 A = Elapsed time spent in this place.
 B = Non-inter-level travel time spent in this place.
 C = Inter-level travel time spent in this place.
 D = Time resting spent in this place.
 E = Time spent auto-exploring this place.
 F = Levels seen in this place.
 G = Mean time per level.
                   A        B        C        D        E       F      G
               +--------+--------+--------+--------+--------+-----+--------+
         Total |   6437 |   6314 |    123 |   1599 |   3578 |   6 | 1072.8 |
       Dungeon |   6437 |   6314 |    123 |   1599 |   3578 |   6 | 1072.8 |
               +--------+--------+--------+--------+--------+-----+--------+

Top non-repeatable levels by time:
     D:4: 2141 daAuts
     D:2: 1087 daAuts
     D:3: 1024 daAuts
     D:1: 995 daAuts
     D:5: 932 daAuts
     D:6: 256 daAuts
